 Dungeon Crawl Stone Soup version 0.29.0-4-gdea44cf6ec (webtiles) character file.

Game seed: 18150566371318031942

8350 qw the Brawler (level 11, -3/115 HPs)
             Began as a Troll Cinder Acolyte on Sept 1, 2022.
             Was an Initiate of Okawaru.
             Slain by a wolf (4 damage)
             ... on level 1 of the Lair of Beasts.
             The game lasted 00:04:57 (8295 turns).

qw the Brawler (Troll Cinder Acolyte)               Turns: 8295, Time: 00:04:58

Health: -3/115     AC:  5    Str: 27    XL:     11   Next: 8%
Magic:  11/11      EV: 10    Int:  9    God:    Okawaru [......]
Gold:   581        SH:  0    Dex:  9    Spells: 12/12 levels left

rFire   . . .      SeeInvis .     - Unarmed
rCold   . . .      Faith    .   (no shield)
rNeg    . . .      Spirit   .   f - +0 robe {Will+}
rPois   +          Reflect  .   (helmet restricted)
rElec   .          Harm     .   i - +0 cloak
rCorr   .          Rampage  .   (gloves unavailable)
Will    +....                   (boots unavailable)
Stlth   +.........              g - amulet of regeneration
HPRegen 1.89/turn               c - ring of poison resistance
MPRegen 0.12/turn               (no ring)

@: lethally poisoned (-3 -> -5), about to teleport, fire susceptible
A: large, unfitting armour, claws 3, regeneration 1, shaggy fur 1, tough skin 1,
agile 1, robust 1, MP-powered wands
a: Renounce Religion


You were on level 1 of the Lair of Beasts.
You worshipped Okawaru.
Okawaru was noncommittal.
You visited 3 branches of the dungeon, and saw 12 of its levels.

You collected 581 gold pieces.


Innate Abilities, Weirdness & Mutations

You are too large for most types of armour.
You have claws for hands.
Your natural rate of healing is unusually fast.
You are covered in fur. (AC +1)
You have tough skin. (AC +1)
You are agile. (Dex +4, Str/Int -1)
You are robust. (+10% HP)
You expend magic power (3 MP) to strengthen your wands.


   Skills:
 - Level 6.0 Fighting
 - Level 2.2 Throwing
 - Level 1.0 Armour
 - Level 3.3 Dodging
 + Level 15.0 Unarmed Combat
 - Level 1.0 Spellcasting
 - Level 2.1 Fire Magic


You had 12 spell levels left.
You didn't know any spells.
Your spell library contained the following spells:

 Spells                   Type           Power      Damage    Failure   Level
 Scorch                   Fire           8%         2d5       22%         2

Inventory:

Missiles
 b - a boomerang (quivered)
Armour
 f - a +0 robe of willpower (worn)
 i - a +0 cloak (worn)
Jewellery
 c - a ring of poison resistance (left claw)
 g - an amulet of regeneration (around neck)
Scrolls
 a - a scroll of teleportation
 e - 6 scrolls of identify
Potions
 d - a potion of curing
 h - a potion of resistance
 j - 4 potions of mutation
 o - 2 potions of haste

Dungeon Overview and Level Annotations

Branches:
Dungeon (10/15)            Temple (1/1) D:4            Lair (1/5) D:10
    Orc: D:9-12

Altars:
Cheibriados
Dithmenos
Elyvilon
Fedhas
Gozag
Hepliaklqana
Kikubaaqudgha
Makhleb
Nemelex Xobeh
Okawaru
Qazlal
Sif Muna
Uskayaw
Wu Jian
Xom
Yredelemnul
Zin
The Shining One
Lugonu

Shops:
D:4 :(([(

Portals:
Abyss: D:1

Annotations:
D:1 2 runed translucent doors
D:3 3 runed translucent doors, qw's ghost, amateur TrCA


Message History

8287 ||| Stepping ~*~*~tactically~*~*~ (outnumbered).
The cane toad attacks as you move away! The cane toad stings you!
You feel very sick.
You claw the cane toad!
The cane toad is heavily wounded.
You feel sick. The cane toad barely misses you.
The wolf bites you but does no damage.
8289 ||| Stepping ~*~*~tactically~*~*~ (outnumbered).
The wolf attacks as you move away! The wolf barely misses you.
You feel very sick. The wolf barely misses you.
You claw the wolf!
You kill the wolf!
Okawaru accepts your kill.
You feel sick. The wolf bites you. The wolf barely misses you.
You closely miss the cane toad.
The cane toad is moderately wounded.
You feel sick. The wolf bites you but does no damage. The wolf bites you.
The cane toad barely misses you. The wolf bites you. x2
You claw the cane toad!
The cane toad is severely wounded.
You feel sick. The cane toad stings you!!
You are more poisoned.
The cane toad poisons you! The wolf bites you. The wolf closely misses you.
You mangle the cane toad!!
You kill the cane toad!
Okawaru accepts your kill.
You feel very sick. The wolf barely misses you.
The wolf bites you but does no damage.
Your Dodging skill increases to level 3!
8294 ||| READING 2 scrolls of teleportation.
As you read the scroll of teleportation, it crumbles to dust.
You feel strangely unstable.
You feel very sick. The wolf bites you but does no damage.
The wolf closely misses you. The wolf bites you! The wolf bites you.
The wolf barely misses you. x2
You barely miss the wolf.
You feel very sick. The wolf bites you! The wolf bites you.
You die...

.......<...........
............#......
...........###...#
...........#...##
................#
.?...........####
>.........h.###
........lhhhh.#
....####@#### ....
### ##.


You could see a basilisk and 5 wolves.

Vanquished Creatures
  A cane toad (Lair:1)
  Prince Ribbit (D:8)
  A wraith (D:7)
  A vampire (D:9)
  18 yaks
  3 wyverns
  A basilisk (D:10)
  2 steam dragons
  4 water moccasins
  2 orc warriors
  A sky beast (D:6)
  A black bear (D:5)
  An ice beast (D:5)
  A wolf (Lair:1)
  2 centaurs
  A kobold brigand (D:7)
  8 bullfrogs
  4 scorpions
  5 wights (D:9)
  10 killer bees
  A vampire bat (D:6)
  2 howler monkeys
  4 jellies
  2 hounds
  2 gnoll boudas (D:5)
  9 orc priests
  4 iguanas
  16 orc wizards
  18 gnolls
  13 adders
  2 shadow imps
  A white imp (D:7)
  An ufetubus (D:5)
  A worm (D:2)
  4 dart slugs
  43 orcs
  5 endoplasms
  5 giant cockroaches
  8 goblins
  5 hobgoblins
  8 jackals
  3 quokkas
  8 ball pythons
  12 bats
  A frilled lizard (D:2)
  12 kobolds
  4 rats
262 creatures vanquished.

Vanquished Creatures (others)
  4 plants (D:10)
4 creatures vanquished.

Grand Total: 266 creatures vanquished

Notes
Turn   | Place    | Note
-------+----------+-------------------------------------------
     0 | D:1      | qw the Troll Cinder Acolyte began the quest for the Orb.
     0 | D:1      | Reached XP level 1. HP: 22/22 MP: 1/1
     0 | D:1      | 0 ||| qw: Version: 0.1-a-97-g2dd2ca4
     0 | D:1      | 0 ||| qw: Game counter: 4857
     0 | D:1      | 0 ||| qw: Always use a shield: true
     0 | D:1      | 0 ||| qw: God list: Okawaru
     0 | D:1      | 0 ||| qw: Allow faded altars: false
     0 | D:1      | 0 ||| qw: Do Orc after D:15 true
     0 | D:1      | 0 ||| qw: Do second Lair branch before Depths: true
     0 | D:1      | 0 ||| qw: Lair rune preference: random
     0 | D:1      | 0 ||| qw: Plans: Normal
     0 | D:1      | 0 ||| PLANNING D:1-11
    66 | D:1      | Found a large runed translucent door.
    66 | D:1      | Found a large runed translucent door.
    66 | D:1      | Found a corrupted altar of Lugonu.
    66 | D:1      | Noticed an iron imp
    66 | D:1      | Noticed an iron imp
    66 | D:1      | Noticed a quasit
    67 | D:1      | Noticed an iron imp
    71 | D:1      | Noticed an iron imp
    72 | D:1      | Reached XP level 2. HP: 29/29 MP: 2/2
    73 | D:1      | Found a one-way gate to the infinite horrors of the Abyss.
    74 | D:1      | Noticed a crimson imp
    75 | D:1      | Noticed a crimson imp
   220 | D:1      | 220 ||| INVOKING Fiery Armour.
   222 | D:1      | Reached skill level 4 in Unarmed Combat
   225 | D:1      | 225 ||| Stepping ~*~*~tactically~*~*~ (outnumbered).
   239 | D:1      | Reached XP level 3. HP: 36/36 MP: 3/3
   434 | D:1      | 434 ||| INVOKING Fiery Armour.
   817 | D:1      | Found a faded altar of an unknown god.
   934 | D:1      | 934 ||| UPGRADING to amulet of regeneration.
   939 | D:1      | 939 ||| DROPPING ring of wizardry.
   940 | D:1      | 940 ||| READING 2 scrolls labelled BUIGECE IFETALO.
   941 | D:1      | 941 ||| READING scroll labelled BOTWAPUIPTIACH.
   942 | D:1      | 942 ||| DRINKING 3 purple potions.
  1318 | D:2      | Reached XP level 4. HP: 44/44 MP: 4/4
  1338 | D:2      | Reached skill level 5 in Unarmed Combat
  1340 | D:2      | 1340 ||| Stepping ~*~*~tactically~*~*~ (hiding).
  1995 | D:2      | 1995 ||| Stepping ~*~*~tactically~*~*~ (stealth).
  1998 | D:2      | 1998 ||| Stepping ~*~*~tactically~*~*~ (stealth).
  2009 | D:2      | 2009 ||| Stepping ~*~*~tactically~*~*~ (stealth).
  2010 | D:2      | 2010 ||| Stepping ~*~*~tactically~*~*~ (stealth).
  2017 | D:2      | 2017 ||| Stepping ~*~*~tactically~*~*~ (stealth).
  2077 | D:2      | 2077 ||| UPGRADING to +0 cloak.
  2082 | D:2      | 2082 ||| UPGRADING to ring of poison resistance.
  2083 | D:2      | 2083 ||| READING 2 scrolls labelled MAODWU VERU.
  2084 | D:2      | 2084 ||| READING scroll labelled XARRO XUXTOUCEIG.
  2085 | D:2      | 2085 ||| READING scroll labelled CEM HUPPUWKI.
  2086 | D:2      | 2086 ||| READING 2 scrolls of identify.
  2086 | D:2      | 2086 ||| IDENTIFYING smoky blue potion
  2087 | D:2      | 2087 ||| DROPPING potion of lignification.
  2088 | D:2      | 2088 ||| DROPPING scroll of butterflies.
  2205 | D:3      | Noticed qw's ghost (amateur TrCA)
  2223 | D:3      | Found a runed translucent gate.
  2223 | D:3      | Found a runed translucent gate.
  2225 | D:3      | Found a runed translucent gate.
  2232 | D:3      | 2232 ||| Stepping ~*~*~tactically~*~*~ (stealth).
  2328 | D:3      | Noticed a scorpion
  2329 | D:3      | 2329 ||| Stepping ~*~*~tactically~*~*~ (stealth).
  2339 | D:3      | Killed a scorpion
  2340 | D:3      | Reached skill level 6 in Unarmed Combat
  2340 | D:3      | Reached XP level 5. HP: 50/50 MP: 5/5
  2411 | D:3      | 2411 ||| Stepping ~*~*~tactically~*~*~ (hiding).
  2811 | D:3      | 2811 ||| DRINKING 2 pink potions.
  2811 | D:3      | Gained mutation: You are robust. (+10% HP) [potion of
                  | mutation]
  2811 | D:3      | Gained mutation: You expend magic power (3 MP) to
                  | strengthen your wands. [potion of mutation]
  2811 | D:3      | Gained mutation: You are agile. (Dex +4, Str/Int -1)
                  | [potion of mutation]
  2844 | D:4      | 2844 ||| Stepping ~*~*~tactically~*~*~ (stealth).
  2845 | D:4      | 2845 ||| Stepping ~*~*~tactically~*~*~ (stealth).
  2846 | D:4      | 2846 ||| Stepping ~*~*~tactically~*~*~ (stealth).
  2847 | D:4      | 2847 ||| Stepping ~*~*~tactically~*~*~ (stealth).
  2860 | D:4      | 2860 ||| Stepping ~*~*~tactically~*~*~ (stealth).
  2861 | D:4      | 2861 ||| Stepping ~*~*~tactically~*~*~ (stealth).
  2866 | D:4      | 2866 ||| Stepping ~*~*~tactically~*~*~ (stealth).
  2867 | D:4      | 2867 ||| Stepping ~*~*~tactically~*~*~ (stealth).
  2871 | D:4      | 2871 ||| Stepping ~*~*~tactically~*~*~ (stealth).
  2893 | D:4      | 2893 ||| Stepping ~*~*~tactically~*~*~ (stealth).
  2909 | D:4      | Reached skill level 1 in Dodging
  2922 | D:4      | Found Dahaw's Weapon Shoppe.
  2923 | D:4      | 2923 ||| FLEEEEING.
  2924 | D:4      | 2924 ||| FLEEEEING.
  2932 | D:4      | 2932 ||| DRINKING 3 potions of curing.
  2932 | D:4      | 2932 ||| (to cure confusion)
  2936 | D:4      | 2936 ||| DRINKING 2 potions of curing.
  2936 | D:4      | 2936 ||| (to cure confusion)
  2939 | D:4      | Reached XP level 6. HP: 64/64 MP: 6/6
  2951 | D:4      | 2951 ||| Stepping ~*~*~tactically~*~*~ (stealth).
  2952 | D:4      | Found a staircase to the Ecumenical Temple.
  3098 | D:4      | Found Uxtor's Antique Armour Emporium.
  3112 | D:4      | 3112 ||| Stepping ~*~*~tactically~*~*~ (stealth).
  3118 | D:4      | 3118 ||| Stepping ~*~*~tactically~*~*~ (outnumbered).
  3119 | D:4      | 3119 ||| Stepping ~*~*~tactically~*~*~ (outnumbered).
  3120 | D:4      | 3120 ||| INVOKING Fiery Armour.
  3121 | D:4      | 3121 ||| Stepping ~*~*~tactically~*~*~ (outnumbered).
  3122 | D:4      | 3122 ||| Stepping ~*~*~tactically~*~*~ (outnumbered).
  3123 | D:4      | 3123 ||| Stepping ~*~*~tactically~*~*~ (outnumbered).
  3125 | D:4      | 3125 ||| Stepping ~*~*~tactically~*~*~ (outnumbered).
  3126 | D:4      | 3126 ||| Stepping ~*~*~tactically~*~*~ (outnumbered).
  3127 | D:4      | 3127 ||| Stepping ~*~*~tactically~*~*~ (outnumbered).
  3132 | D:4      | 3132 ||| DRINKING potion of curing.
  3132 | D:4      | 3132 ||| (to cure confusion)
  3142 | D:4      | 3142 ||| Stepping ~*~*~tactically~*~*~ (stealth).
  3144 | D:4      | 3144 ||| UPGRADING to +0 robe of willpower.
  3150 | D:4      | 3150 ||| UPGRADING to +0 robe.
  3155 | D:4      | 3155 ||| UPGRADING to +0 robe of willpower.
  3165 | D:4      | 3165 ||| DROPPING +0 robe.
  3195 | D:4      | Identified the +0 helmet "Ufresaok" {Stlth+}
  3253 | D:4      | Reached skill level 7 in Unarmed Combat
  3301 | D:4      | Found Suidecid's Antique Weapon Emporium.
  3325 | D:4      | Found Ypeysch's Book Emporium.
  3483 | D:4      | Found Senaopnu's Weapon Shoppe.
  3806 | D:4      | 3806 ||| READING scroll labelled GYANWA QIFIU.
  3823 | D:4      | 3823 ||| READING 3 scrolls labelled CEEGRI PIGHI.
  3824 | D:4      | 3824 ||| DROPPING 2 scrolls of magic mapping.
  3863 | D:5      | Entered Level 5 of the Dungeon
  3946 | D:5      | 3946 ||| Stepping ~*~*~tactically~*~*~ (hiding).
  3947 | D:5      | 3947 ||| Stepping ~*~*~tactically~*~*~ (hiding).
  3951 | D:5      | 3951 ||| INVOKING Fiery Armour.
  3956 | D:5      | Reached XP level 7. HP: 72/72 MP: 7/7
  3962 | D:5      | Reached skill level 8 in Unarmed Combat
  3966 | D:5      | Reached skill level 3 in Fighting
  3983 | D:5      | 3983 ||| Stepping ~*~*~tactically~*~*~ (outnumbered).
  3984 | D:5      | 3984 ||| Stepping ~*~*~tactically~*~*~ (outnumbered).
  3985 | D:5      | 3985 ||| Stepping ~*~*~tactically~*~*~ (outnumbered).
  3986 | D:5      | 3986 ||| Stepping ~*~*~tactically~*~*~ (outnumbered).
  4161 | D:5      | 4161 ||| Stepping ~*~*~tactically~*~*~ (outnumbered).
  4163 | D:5      | 4163 ||| Stepping ~*~*~tactically~*~*~ (hiding).
  4177 | D:5      | 4177 ||| INVOKING Fiery Armour.
  4245 | D:5      | Reached skill level 9 in Unarmed Combat
  4304 | D:5      | 4304 ||| Stepping ~*~*~tactically~*~*~ (hiding).
  4407 | D:5      | 4407 ||| Stepping ~*~*~tactically~*~*~ (hiding).
  4415 | D:5      | 4415 ||| INVOKING Fiery Armour.
  4417 | D:5      | 4417 ||| Stepping ~*~*~tactically~*~*~ (outnumbered).
  4420 | D:5      | 4420 ||| DRINKING potion of curing.
  4420 | D:5      | 4420 ||| (to cure confusion)
  4424 | D:5      | Reached XP level 8. HP: 65/82 MP: 8/8
  4426 | D:5      | 4426 ||| Stepping ~*~*~tactically~*~*~ (outnumbered).
  4429 | D:5      | 4429 ||| Stepping ~*~*~tactically~*~*~ (outnumbered).
  4847 | D:5      | 4847 ||| Stepping ~*~*~tactically~*~*~ (outnumbered).
  4848 | D:5      | 4848 ||| Stepping ~*~*~tactically~*~*~ (outnumbered).
  4903 | D:5      | 4903 ||| READING scroll labelled VITSET DULAKA.
  4904 | D:5      | 4904 ||| READING scroll labelled WEQUN OPRURU.
  4909 | D:5      | 4909 ||| READING scroll labelled DUSHYP SUPNEIWNIMN.
  4910 | D:5      | 4910 ||| READING scroll labelled VURUPH PYIFRAD.
  4911 | D:5      | 4911 ||| READING scroll labelled JULESTR CIXOGY.
  4912 | D:5      | 4912 ||| READING 4 scrolls of identify.
  4912 | D:5      | 4912 ||| IDENTIFYING green potion
  4913 | D:5      | 4913 ||| READING 3 scrolls of identify.
  4913 | D:5      | 4913 ||| IDENTIFYING white potion
  4914 | D:5      | 4914 ||| READING 2 scrolls of identify.
  4914 | D:5      | 4914 ||| IDENTIFYING fuming orange potion
  4915 | D:5      | 4915 ||| DROPPING potion of attraction.
  5005 | D:6      | Reached skill level 10 in Unarmed Combat
  5065 | D:6      | 5065 ||| Stepping ~*~*~tactically~*~*~ (hiding).
  5073 | D:6      | 5073 ||| Stepping ~*~*~tactically~*~*~ (hiding).
  5114 | D:6      | Identified the +0 leather armour of the Hall of Blades
                  | {Dex+2}
  5167 | D:6      | 5167 ||| Stepping ~*~*~tactically~*~*~ (stealth).
  5168 | D:6      | 5168 ||| Stepping ~*~*~tactically~*~*~ (stealth).
  5170 | D:6      | 5170 ||| Stepping ~*~*~tactically~*~*~ (stealth).
  5181 | D:6      | 5181 ||| Stepping ~*~*~tactically~*~*~ (stealth).
  5392 | D:6      | Reached skill level 11 in Unarmed Combat
  5392 | D:6      | 5392 ||| Stepping ~*~*~tactically~*~*~ (outnumbered).
  5457 | D:6      | 5457 ||| Stepping ~*~*~tactically~*~*~ (stealth).
  5513 | D:7      | 5513 ||| INVOKING Fiery Armour.
  5515 | D:7      | 5515 ||| Stepping ~*~*~tactically~*~*~ (outnumbered).
  5516 | D:7      | 5516 ||| Stepping ~*~*~tactically~*~*~ (outnumbered).
  5517 | D:7      | 5517 ||| Stepping ~*~*~tactically~*~*~ (outnumbered).
  5524 | D:7      | 5524 ||| Stepping ~*~*~tactically~*~*~ (outnumbered).
  5525 | D:7      | 5525 ||| Stepping ~*~*~tactically~*~*~ (outnumbered).
  5526 | D:7      | 5526 ||| Stepping ~*~*~tactically~*~*~ (outnumbered).
  5534 | D:7      | Reached XP level 9. HP: 77/92 MP: 9/9
  5797 | D:7      | Reached skill level 12 in Unarmed Combat
  5947 | D:7      | 5947 ||| Stepping ~*~*~tactically~*~*~ (stealth).
  5949 | D:7      | 5949 ||| Stepping ~*~*~tactically~*~*~ (stealth).
  5951 | D:7      | 5951 ||| Stepping ~*~*~tactically~*~*~ (stealth).
  6046 | D:7      | Found an opulent altar of Gozag.
  6060 | D:7      | Found a blossoming altar of Fedhas.
  6063 | D:7      | Found a snail-covered altar of Cheibriados.
  6063 | D:7      | Found an ancient bone altar of Kikubaaqudgha.
  6063 | D:7      | Found a shimmering altar of Xom.
  6272 | D:7      | 6272 ||| READING 4 scrolls of identify.
  6272 | D:7      | 6272 ||| IDENTIFYING red potion
  6273 | D:7      | 6273 ||| DROPPING potion of brilliance.
  6307 | D:8      | Found a glowing golden altar of the Shining One.
  6318 | D:8      | 6318 ||| Stepping ~*~*~tactically~*~*~ (hiding).
  6332 | D:8      | 6332 ||| INVOKING Fiery Armour.
  6368 | D:8      | 6368 ||| Stepping ~*~*~tactically~*~*~ (stealth).
  6421 | D:8      | Noticed Prince Ribbit
  6444 | D:8      | Killed Prince Ribbit
  6518 | D:8      | 6518 ||| READING 2 scrolls of teleportation.
  6524 | D:8      | 6524 ||| Stepping ~*~*~tactically~*~*~ (stealth).
  6526 | D:8      | 6526 ||| Stepping ~*~*~tactically~*~*~ (stealth).
  6528 | D:8      | 6528 ||| Stepping ~*~*~tactically~*~*~ (hiding).
  6601 | D:8      | Reached skill level 1 in Throwing
  6641 | D:8      | 6641 ||| Stepping ~*~*~tactically~*~*~ (stealth).
  6642 | D:8      | 6642 ||| Stepping ~*~*~tactically~*~*~ (stealth).
  6648 | D:8      | 6648 ||| Stepping ~*~*~tactically~*~*~ (hiding).
  6653 | D:8      | 6653 ||| INVOKING Fiery Armour.
  6960 | D:9      | Reached skill level 13 in Unarmed Combat
  7045 | D:9      | 7045 ||| Stepping ~*~*~tactically~*~*~ (hiding).
  7147 | D:9      | 7147 ||| Stepping ~*~*~tactically~*~*~ (hiding).
  7160 | D:9      | 7160 ||| Stepping ~*~*~tactically~*~*~ (hiding).
  7172 | D:9      | Reached skill level 1 in Armour
  7196 | D:9      | 7196 ||| Stepping ~*~*~tactically~*~*~ (stealth).
  7200 | D:9      | Reached XP level 10. HP: 105/105 MP: 10/10
  7216 | D:9      | 7216 ||| Stepping ~*~*~tactically~*~*~ (stealth).
  7223 | D:9      | 7223 ||| Stepping ~*~*~tactically~*~*~ (outnumbered).
  7239 | D:9      | 7239 ||| FLEEEEING.
  7240 | D:9      | 7240 ||| FLEEEEING.
  7241 | D:9      | 7241 ||| FLEEEEING.
  7242 | D:9      | 7242 ||| FLEEEEING.
  7243 | D:9      | 7243 ||| FLEEEEING.
  7244 | D:9      | 7244 ||| FLEEEEING.
  7245 | D:9      | 7245 ||| FLEEEEING.
  7246 | D:9      | 7246 ||| FLEEEEING.
  7247 | D:9      | 7247 ||| FLEEEEING.
  7248 | D:9      | 7248 ||| FLEEEEING.
  7249 | D:9      | 7249 ||| FLEEEEING.
  7261 | D:9      | 7261 ||| FLEEEEING.
  7262 | D:9      | 7262 ||| FLEEEEING.
  7380 | D:9      | 7380 ||| Stepping ~*~*~tactically~*~*~ (stealth).
  7403 | D:9      | 7403 ||| INVOKING Fiery Armour.
  7468 | D:9      | 7468 ||| Stepping ~*~*~tactically~*~*~ (stealth).
  7470 | D:9      | 7470 ||| Stepping ~*~*~tactically~*~*~ (hiding).
  7471 | D:9      | 7471 ||| Stepping ~*~*~tactically~*~*~ (hiding).
  7487 | D:9      | Reached skill level 14 in Unarmed Combat
  7578 | D:9      | 7578 ||| Stepping ~*~*~tactically~*~*~ (outnumbered).
  7582 | D:9      | 7582 ||| Stepping ~*~*~tactically~*~*~ (outnumbered).
  7584 | D:9      | 7584 ||| Stepping ~*~*~tactically~*~*~ (outnumbered).
  7591 | D:9      | 7591 ||| INVOKING Fiery Armour.
  7655 | D:9      | 7655 ||| FLEEEEING.
  7661 | D:9      | 7661 ||| Stepping ~*~*~tactically~*~*~ (outnumbered).
  7663 | D:9      | Reached skill level 6 in Fighting
  7824 | D:10     | Entered Level 10 of the Dungeon
  7825 | D:10     | 7825 ||| Stepping ~*~*~tactically~*~*~ (stealth).
  7827 | D:10     | 7827 ||| Stepping ~*~*~tactically~*~*~ (stealth).
  7886 | D:10     | Found a staircase to the Lair.
  7888 | D:10     | 7888 ||| INVOKING Fiery Armour.
  7894 | D:10     | 7894 ||| Stepping ~*~*~tactically~*~*~ (outnumbered).
  7895 | D:10     | 7895 ||| Stepping ~*~*~tactically~*~*~ (outnumbered).
  7896 | D:10     | 7896 ||| Stepping ~*~*~tactically~*~*~ (outnumbered).
  7897 | D:10     | 7897 ||| Stepping ~*~*~tactically~*~*~ (outnumbered).
  7898 | D:10     | 7898 ||| Stepping ~*~*~tactically~*~*~ (outnumbered).
  7899 | D:10     | 7899 ||| Stepping ~*~*~tactically~*~*~ (outnumbered).
  7900 | D:10     | 7900 ||| Stepping ~*~*~tactically~*~*~ (outnumbered).
  7901 | D:10     | 7901 ||| Stepping ~*~*~tactically~*~*~ (outnumbered).
  7903 | D:10     | 7903 ||| Stepping ~*~*~tactically~*~*~ (outnumbered).
  7906 | D:10     | 7906 ||| Stepping ~*~*~tactically~*~*~ (outnumbered).
  7907 | D:10     | 7907 ||| Stepping ~*~*~tactically~*~*~ (outnumbered).
  7908 | D:10     | 7908 ||| Stepping ~*~*~tactically~*~*~ (outnumbered).
  7909 | D:10     | 7909 ||| Stepping ~*~*~tactically~*~*~ (outnumbered).
  7911 | D:10     | Reached skill level 15 in Unarmed Combat
  7913 | D:10     | 7913 ||| Stepping ~*~*~tactically~*~*~ (outnumbered).
  7916 | D:10     | 7916 ||| Stepping ~*~*~tactically~*~*~ (outnumbered).
  7917 | D:10     | 7917 ||| STAIRDANCE
  7919 | D:9      | 7919 ||| PLANNING TEMPLE
  8061 | Temple   | Entered the Ecumenical Temple
  8075 | Temple   | 8075 ||| PLANNING CONVERSION TO OKAWARU
  8082 | Temple   | Fell from the grace of Ignis
  8082 | Temple   | Became a worshipper of Warmaster Okawaru
  8083 | Temple   | 8083 ||| PLANNING LAIR
  8218 | D:10     | 8218 ||| STAIRDANCE
  8220 | D:9      | 8220 ||| Stepping ~*~*~tactically~*~*~ (outnumbered).
  8221 | D:9      | 8221 ||| Stepping ~*~*~tactically~*~*~ (outnumbered).
  8222 | D:9      | 8222 ||| Stepping ~*~*~tactically~*~*~ (outnumbered).
  8225 | D:9      | Reached XP level 11. HP: 76/115 MP: 11/11
  8276 | Lair:1   | Entered Level 1 of the Lair of Beasts
  8281 | Lair:1   | 8281 ||| Stepping ~*~*~tactically~*~*~ (outnumbered).
  8282 | Lair:1   | 8282 ||| Stepping ~*~*~tactically~*~*~ (outnumbered).
  8283 | Lair:1   | 8283 ||| Stepping ~*~*~tactically~*~*~ (outnumbered).
  8284 | Lair:1   | 8284 ||| Stepping ~*~*~tactically~*~*~ (outnumbered).
  8285 | Lair:1   | 8285 ||| Stepping ~*~*~tactically~*~*~ (outnumbered).
  8286 | Lair:1   | 8286 ||| Stepping ~*~*~tactically~*~*~ (outnumbered).
  8287 | Lair:1   | 8287 ||| Stepping ~*~*~tactically~*~*~ (outnumbered).
  8289 | Lair:1   | 8289 ||| Stepping ~*~*~tactically~*~*~ (outnumbered).
  8293 | Lair:1   | HP: 27/115 [poisoned by a cane toad]
  8294 | Lair:1   | Reached skill level 3 in Dodging
  8294 | Lair:1   | 8294 ||| READING 2 scrolls of teleportation.
  8294 | Lair:1   | HP: 12/115 [wolf (4)]
  8295 | Lair:1   | HP: 1/115 [wolf (9)]
  8295 | Lair:1   | Slain by a wolf

Levels and vault maps discovered:
D:1:      erik_arrival_cave_to_civilisation [erik_arrival_cave_to_temple],
          layout_loops_ring, shapermc_ecumenical_altar_mp_urbaneastern,
          minmay_vboxes
D:2:      layout_basic, kennysheep_path_1, minivault_5
D:3:      layout_loops_ring, gammafunk_ghost_split
D:4:      layout_gridville, minmay_temple_entry_stoned_glass, serial_shops,
          nicolae_shop_advertising_works [nicolae_subvault_shop_adworks], shop,
          shop, nicolae_inconvenience_store, nicolae_shop_bloodbath_and_beyond,
          minmay_hedge_maze, minmay_bisected
D:5:      layout_loops_cross, kennysheep_donut, kennysheep_small_spiral,
          minmay_diced_spiral
D:6:      layout_rooms, small_statue_intersection, roderic_batcave
D:7:      layout_rooms, grunt_temple_overflow_open, nicolae_lava_and_water
D:8:      layout_basic, tso_metal_star, uniq_prince_ribbit1
D:9:      layout_roguey
D:10:     layout_basic, minmay_lair_entry_grove, hangedman_weighted_door,
          nicolae_transporter_circle
Temple:   compressed_dpeg_triangle_lava_temple
Lair:1:   layout_cave_shapes, lemuel_fruit_tree

Skill      XL: |  1  2  3  4  5  6  7  8  9 10 11 |
---------------+----------------------------------+-----
Unarmed Combat | 4 6 7 9 11 13 15 | 15.0
Dodging        | 1 2 3 |  3.3
Fighting       | 3 4 5 6 |  6.0
Throwing       | 1 2 |  2.2
Armour         | 1 |  1.0
Spellcasting   | |  1.0
Fire Magic     | |  2.1

Action                   |  1- 3 |  4- 6 |  7- 9 | 10-12 || total
-------------------------+-------+-------+-------+-------++-------
Melee: Unarmed           |    89 |   115 |   304 |   171 ||   679
       Punch             |     5 |       |    14 |     8 ||    27
Throw: Boomerang         |       |       |     5 |    11 ||    16
Invok: Fiery Armour      |     2 |     2 |     5 |     3 ||    12
  Use: Scroll            |     2 |     6 |    10 |     1 ||    19
       Potion            |     1 |     4 |     1 |       ||     6
 Stab: Distracted        |       |     1 |       |       ||     1
Armor: Robe              |    17 |    50 |   114 |    45 ||   226
Dodge: Dodged            |    25 |    43 |   116 |    90 ||   274

Table legend:
 A = Non-vault XP
 B = Vault XP
 C = Vault XP percentage of total XP
 D = Non-vault monster count
 E = Vault monster count
 F = Vault count percentage of total count
                 A         B        C        D         E       F
            +---------+---------+-------+---------+---------+-------
      Total |    9269 |    2660 |  22.3 |     223 |      39 |  14.9
            +---------+---------+-------+---------+---------+-------
        D:1 |      44 |      21 |  32.3 |      18 |      11 |  37.9
        D:2 |      65 |       0 |   0.0 |      23 |       0 |   0.0
        D:3 |     144 |       0 |   0.0 |      10 |       0 |   0.0
        D:4 |     280 |       5 |   1.8 |      22 |       2 |   8.3
        D:5 |     952 |     167 |  14.9 |      38 |       4 |   9.5
        D:6 |     869 |      64 |   6.9 |      21 |       8 |  27.6
        D:7 |    1264 |       0 |   0.0 |      30 |       0 |   0.0
        D:8 |     974 |     277 |  22.1 |      16 |       1 |   5.9
        D:9 |    3908 |     601 |  13.3 |      39 |       3 |   7.1
       D:10 |     251 |    1525 |  85.9 |       4 |      10 |  71.4
     Lair:1 |     518 |       0 |   0.0 |       2 |       0 |   0.0
            +---------+---------+-------+---------+---------+-------
